 Dungeon Crawl Stone Soup version 0.22-a0-858-g985ef60 (webtiles) character file.

86 Amnesiac the Magician (level 4, -1/30 HPs)
             Began as a Mummy Earth Elementalist on July 27, 2018.
             Slain by an iguana (4 damage)
             ... on level 4 of the Dungeon.
             The game lasted 00:02:00 (712 turns).

Amnesiac the Magician (Mummy Earth Elementalist)     Turns: 712, Time: 00:02:01

Health: -1/30      AC:  3    Str: 11    XL:     4   Next: 26%
Magic:  0/9        EV: 11    Int: 15    God:
Gold:   10         SH:  3    Dex: 12    Spells: 7/10 levels left

rFire    x . .     SeeInvis .   e - +0 falchion
rCold    + . .     Gourm    .   g - +0 buckler
rNeg     + + +     Faith    .   c - +0 robe
rPois    ∞         Spirit   .   (no helmet)
rElec    .         Reflect  .   (no cloak)
rCorr    .         Harm     .   (no gloves)
MR       .....                  a - +0 pair of boots
Stlth    ++........             (no amulet)
HPRegen  0.10/turn              (no ring)
MPRegen  0.11/turn              (no ring)

@: very slightly contaminated
A: no food or potions, fire vulnerability, cold resistance 1, negative energy
resistance 3, torment resistance, unbreathing
a: no special abilities


You were on level 4 of the Dungeon.
You were not hungry.

You visited 1 branch of the dungeon, and saw 4 of its levels.

You collected 10 gold pieces.

Inventory:

Hand Weapons
 e - a +0 falchion (weapon)
Missiles
 b - 23 stones (quivered)
Armour
 a - a +0 pair of boots (worn)
 c - a +0 robe (worn)
 g - a +0 buckler (worn)
Scrolls
 d - a scroll of remove curse {!r, unknown}
 f - a scroll of immolation {!r, unknown}


   Skills:
 - Level 1.5 Dodging
 - Level 1.5 Stealth
 + Level 1.2 Shields
 - Level 3.5 Spellcasting
 - Level 0.7 Transmutations
 - Level 3.5 Earth Magic


You had 7 spell levels left.
You knew the following spells:

 Your Spells              Type           Power        Failure   Level  Hunger
a - Sandblast             Erth           ##....       6%          1    N/A
b - Passwall              Tmut/Erth      #.......     17%         2    N/A

Your spell library contained the following spells:

 Spells                   Type           Power        Failure   Level  Hunger
 Stone Arrow              Conj/Erth      #.....       36%         3    N/A
 Lee's Rapid Deconstruct  Erth           ##........   86%         5    N/A
 Petrify                  Tmut/Erth      #.......     73%         4    N/A

Dungeon Overview and Level Annotations

Branches:
Dungeon (4/15)
 Temple: D:4-7

Altars:


Innate Abilities, Weirdness & Mutations

You do not eat or drink.
Your flesh is vulnerable to fire.
You are immune to poison.
Your flesh is cold resistant. (rC+)
You are immune to negative energy. (rN+++)
You are immune to unholy pain and torment.
You can survive without breathing.


Message History

Confirm with . or Enter, or press ? or * to list all spells.
Aiming: Sandblast (safe; 6% risk of failure)
Press: ? - help, Shift-Dir - straight line, f/p - iguana
Aim: an iguana (severely wounded)
The blast of sand hits the iguana.
The iguana is severely wounded.
b - 27 stones The iguana bites you but does no damage.
Casting: Sandblast (safe; 6% risk of failure)
Confirm with . or Enter, or press ? or * to list all spells.
Aiming: Sandblast (safe; 6% risk of failure)
Press: ? - help, Shift-Dir - straight line, f/p - iguana
Aim: an iguana (severely wounded)
The blast of sand hits the iguana.
The iguana is severely wounded.
b - 26 stones The iguana closely misses you.
Casting: Sandblast (safe; 6% risk of failure)
Confirm with . or Enter, or press ? or * to list all spells.
Aiming: Sandblast (safe; 6% risk of failure)
Press: ? - help, Shift-Dir - straight line, f/p - iguana
Aim: an iguana (severely wounded)
You miscast Sandblast.
Nothing appears to happen.
The iguana bites you!
* * * LOW HITPOINT WARNING * * *
Casting: Sandblast (safe; 6% risk of failure)
Confirm with . or Enter, or press ? or * to list all spells.
Aiming: Sandblast (safe; 6% risk of failure)
Press: ? - help, Shift-Dir - straight line, f/p - iguana
Aim: an iguana (severely wounded)
The blast of sand hits the iguana.
The iguana is severely wounded.
b - 25 stones The iguana barely misses you.
Casting: Sandblast (safe; 6% risk of failure)
Confirm with . or Enter, or press ? or * to list all spells.
Aiming: Sandblast (safe; 6% risk of failure)
Press: ? - help, Shift-Dir - straight line, f/p - iguana
Aim: an iguana (severely wounded)
The blast of sand hits the iguana.
The iguana is almost dead.
b - 24 stones The iguana hisses menacingly.
You block the iguana's attack.
Casting: Sandblast (safe; 6% risk of failure)
Confirm with . or Enter, or press ? or * to list all spells.
Aiming: Sandblast (safe; 6% risk of failure)
Press: ? - help, Shift-Dir - straight line, f/p - iguana
Aim: an iguana (almost dead)
You miscast Sandblast.
The floor vibrates.
The iguana bites you!
* * * LOW HITPOINT WARNING * * *
Casting: Sandblast (safe; 6% risk of failure)
Confirm with . or Enter, or press ? or * to list all spells.
You don't have enough magic to cast that spell.
You see here a worker ant corpse.
Casting: Sandblast (safe; 6% risk of failure)
Confirm with . or Enter, or press ? or * to list all spells.
Aiming: Sandblast (safe; 6% risk of failure)
Press: ? - help, Shift-Dir - straight line, f/p - iguana
Aim: an iguana (almost dead)
The blast of sand hits the iguana.
The iguana is almost dead.
b - 23 stones The iguana bites you.
You die...

##########'####........
#......#................
#......#......<........#
#......'................
#......#...............
########....†..........
.........###+#.....####
.........#...'.l...#
.........#...#..@..#
.........#...#.....#
.........#!.<#.....#
.........#...#.....#
.....[...#...#.....#
.........#...#.....+
#...#.....# #####.....#


You could see an iguana.

Vanquished Creatures
  A bullfrog skeleton (D:4)
  A worker ant (D:4)
  2 adders
  A worm (D:3)
  2 dart slugs
  An orc (D:3)
  A bat (D:3)
  A goblin (D:3)
  A hobgoblin (D:2)
  2 kobolds
13 creatures vanquished.

Notes
Turn   | Place    | Note
-------+----------+-------------------------------------------
     0 | D:1      | Amnesiac the Mummy Earth Elementalist began the quest for the Orb.
     0 | D:1      | Reached XP level 1. HP: 13/13 MP: 4/4
   143 | D:2      | Reached XP level 2. HP: 19/19 MP: 1/5
   152 | D:2      | Learned a level 2 spell: Passwall
   527 | D:4      | Reached XP level 3. HP: 19/24 MP: 2/8
   588 | D:4      | Reached skill level 1 in Shields
   588 | D:4      | Reached XP level 4. HP: 25/30 MP: 4/9
   712 | D:4      | Slain by an iguana

Vault maps used:
D:1:      wheals_arrival_linesprint
D:2:      lemuel_doored_altar, first_ration, uniq_jessica
D:3:      uniq_grinder, uniq_terence, uniq_ijyb
D:4:      fedhas_bush_and_centaur_altar, minmay_temple_entry_from_below_a,
          hangedman_decor_lopped, hangedman_decor_clover_reticule,
          hangedman_decor_points

Skill      XL: |  1  2  3 |
---------------+----------+-----
Earth Magic    | 3 |  3.5
Spellcasting   | 3 |  3.5
Shields        | 1 |  1.2
Dodging        | |  1.5
Stealth        | |  1.5
Transmutations | |  0.7

Action                   |  1- 3 |  4- 6 || total
-------------------------+-------+-------++-------
Melee: Falchion          |    17 |       ||    17
 Cast: Sandblast         |    19 |    11 ||    30
 Stab: Sleeping          |     1 |       ||     1
Armor: Robe              |     4 |     1 ||     5
Dodge: Dodged            |    18 |     3 ||    21
Block: Buckler           |       |     1 ||     1
       Rpst.: Falchion   |     4 |       ||     4

Table legend:
 A = Spawn XP
 B = Non-spawn XP
 C = Spawn XP percentage of total XP
 D = Spawn monster count
 E = Non-spawn monster count
 F = Spawn count percentage of total count
 G = Total turns spent on level
                    A         B        C        D         E        F      G
               +---------+---------+-------+---------+---------+-------+---------
         Total |       0 |     123 |   0.0 |       0 |      13 |   0.0 |   712
               +---------+---------+-------+---------+---------+-------+---------
           D:1 |       0 |       4 |   0.0 |       0 |       1 |   0.0 |   109
           D:2 |       0 |      17 |   0.0 |       0 |       3 |   0.0 |   112
           D:3 |       0 |      31 |   0.0 |       0 |       7 |   0.0 |   306
           D:4 |       0 |      71 |   0.0 |       0 |       2 |   0.0 |   185
               +---------+---------+-------+---------+---------+-------+---------
